 Dungeon Crawl Stone Soup version 0.27-a0-828-g8289197e94 (webtiles) character file.

Game seed: 4794876166074458158

84 polve the Changer (level 4, -2/35 HPs)
             Began as a Draconian Transmuter on Mar 30, 2021.
             Slain by Ijyb
             ... wielding a +0 club
              (4 damage)
             ... on level 3 of the Dungeon.
             The game lasted 00:01:38 (1863 turns).

polve the Changer (Draconian Transmuter)            Turns: 1863, Time: 00:01:38

Health: -2/35      AC:  5    Str: 12    XL:     4   Next: 24%
Magic:  7/7        EV: 12    Int: 15    God:
Gold:   63         SH:  0    Dex: 11    Spells: 1/7 levels left

rFire    + . .     SeeInvis .     - Unarmed
rCold    + . .     Faith    .   (no shield)
rNeg     . . .     Spirit   .   (armour unavailable)
rPois    +         Reflect  .   (helmet currently unavailable)
rElec    +         Harm     .   (no cloak)
rCorr    +         Rampage  .   (no gloves)
Will     .....                  (boots currently unavailable)
Stlth    +.........             (no amulet)
HPRegen  0.11/turn              (no ring)
MPRegen  0.10/turn              (no ring)

@: brilliant, appendages, resistant, flying (expiring)
A: horns 2, talons 2, AC +5, unfitting armour, cold-blooded
a: End Transformation


You were on level 3 of the Dungeon.
You had temporarily grown beastly horns and talons.
You visited 1 branch of the dungeon, and saw 3 of its levels.

You collected 63 gold pieces.

Inventory:

Scrolls
 c - a scroll of magic mapping {unknown}
 f - a scroll of amnesia {unknown}
 g - a scroll of enchant armour {unknown}


   Skills:
 - Level 1.1 Fighting
 - Level 1.7 Dodging
 - Level 3.0 Unarmed Combat
 - Level 2.0 Spellcasting
 + Level 4.5 Transmutations


You had one spell level left.
You knew the following spells:

 Your Spells              Type           Power      Damage    Failure   Level
a - Beastly Appendage     Tmut           44%        N/A       3%          1
b - Wereblood             Tmut           22%        N/A       4%          2
c - Spider Form           Tmut/Pois      6%         N/A       26%         3

Your spell library contained the following spells:

 Spells                   Type           Power      Damage    Failure   Level
 Ice Form                 Ice/Tmut       12%        N/A       65%         4
 Hydra Form               Tmut           11%        N/A       67%         5
 Cause Fear               Hex            1%         N/A       91%         4
 Yara's Violent Unravell  Hex/Tmut       6%         3d5       94%         5
 Silence                  Hex/Air        1%         N/A       99%         5
 Discord                  Hex            1%         N/A       100%        8


Dungeon Overview and Level Annotations

Branches:
Dungeon (2/15)

Altars:
Xom

Annotations:
D:3 Ijyb


Innate Abilities, Weirdness & Mutations

You have temporarily grown beastly horns and talons.
Your plain brown scales are hard. (AC +5)
You cannot fit into any form of body armour.
You are cold-blooded and may be slowed by cold attacks.


Message History

Ijyb is lightly wounded.
Ijyb misses you.
You hit Ijyb.
Ijyb is moderately wounded.
Ijyb closely misses you.
You barely miss Ijyb. You claw Ijyb, but do no damage.
Ijyb is moderately wounded.
Ijyb hits you with a +0 club.
You hit Ijyb. You claw Ijyb, but do no damage.
Ijyb is heavily wounded.
Ijyb hits you with a +0 club.
You hit Ijyb but do no damage.
Ijyb is heavily wounded.
Ijyb hits you with a +0 club.
You hit Ijyb. Your kick misses Ijyb.
Ijyb is heavily wounded.
Ijyb hits you with a +0 club.
You closely miss Ijyb. Your headbutt misses Ijyb.
Your tail-slap misses Ijyb.
Ijyb is heavily wounded.
You are starting to lose your buoyancy.
Ijyb misses you.
You closely miss Ijyb. You claw Ijyb, but do no damage.
Your headbutt misses Ijyb.
Ijyb is heavily wounded.
Ijyb barely misses you.
You barely miss Ijyb.
Ijyb is heavily wounded.
Ijyb hits you with a +0 club.
You hit Ijyb but do no damage. Your kick misses Ijyb.
Ijyb is heavily wounded.
Ijyb hits you with a +0 club.
* * * LOW HITPOINT WARNING * * *
You barely miss Ijyb. You claw Ijyb.
Ijyb is severely wounded.
Ijyb hits you with a +0 club.
* * * LOW HITPOINT WARNING * * *
You hit Ijyb.
Ijyb is almost dead.
Ijyb hits you with a +0 club.
You die...

#.# #.# #S# # #g# .#
########.##..###
...g..g......$..
######.........
#######g##################
.......gg@..†.............
#######.##################
#.# # #.# # #.# # #.# #
..# # ..# # ..# #


You could see Ijyb and 2 goblins.

Vanquished Creatures
  A water moccasin skeleton (D:2)
  5 ball pythons
  3 endoplasms
  2 giant cockroaches (D:1)
  5 goblins
  3 hobgoblins
  A kobold (D:1)
  3 quokkas
  6 bats
  2 frilled lizards (D:1)
  4 rats
35 creatures vanquished.

Notes
Turn   | Place    | Note
-------+----------+-------------------------------------------
     0 | D:1      | polve the Draconian Transmuter began the quest for the Orb.
     0 | D:1      | Reached XP level 1. HP: 16/16 MP: 3/3
   412 | D:1      | Reached XP level 2. HP: 22/23 MP: 3/5
   506 | D:1      | Reached skill level 3 in Transmutations
  1396 | D:2      | Reached XP level 3. HP: 28/28 MP: 4/6
  1440 | D:2      | Reached skill level 4 in Transmutations
  1440 | D:2      | Reached XP level 4. HP: 18/35 MP: 7/7
  1443 | D:2      | Learned a level 2 spell: Wereblood
  1447 | D:2      | Learned a level 3 spell: Spider Form
  1782 | D:2      | Found a shimmering altar of Xom.
  1783 | D:2      | You fall into a shaft and drop 1 floor!
  1835 | D:3      | Noticed Ijyb
  1862 | D:3      | HP: 1/35 [Ijyb/+0 club (5)]
  1863 | D:3      | Slain by Ijyb

Illustrated notes

Levels and vault maps discovered:
D:1:      mainiacjoe_arrival_reflecting_pool, layout_loops_ring,
          minmay_fountain_box
D:2:      layout_loops_ring, nicolae_overflow_hidden_temple
D:3:      layout_basic, nicolae_overflow_crystal_walls,
          amcnicky_mini_corridor_feature, uniq_ijyb

Skill      XL: |  1  2  3 |
---------------+----------+-----
Transmutations | 3 4 |  4.5
Fighting       | |  1.1
Dodging        | |  1.7
Unarmed Combat | |  3.0
Spellcasting   | |  2.0

Action                   |  1- 3 |  4- 6 || total
-------------------------+-------+-------++-------
Melee: Unarmed           |    98 |    37 ||   135
       Kick              |    11 |     6 ||    17
       Tailslap          |    10 |     1 ||    11
       Headbutt          |     9 |       ||     9
       Punch             |     1 |       ||     1
 Cast: Beastly Appendage |    16 |     5 ||    21
  Use: Potion            |       |     4 ||     4
 Stab: Sleeping          |       |     1 ||     1
Armor: Skin              |    18 |    18 ||    36
Dodge: Dodged            |    59 |    33 ||    92

Table legend: (Time is in decaauts)
 A = Elapsed time spent in this place.
 B = Non-inter-level travel time spent in this place.
 C = Inter-level travel time spent in this place.
 D = Time resting spent in this place.
 E = Time spent auto-exploring this place.
 F = Levels seen in this place.
 G = Mean time per level.
                   A        B        C        D        E       F      G
               +--------+--------+--------+--------+--------+-----+--------+
         Total |   1855 |   1823 |     32 |      0 |   1523 |   3 |  618.3 |
       Dungeon |   1855 |   1823 |     32 |      0 |   1523 |   3 |  618.3 |
               +--------+--------+--------+--------+--------+-----+--------+

Top non-repeatable levels by time:
     D:1: 1286 daAuts
     D:2: 489 daAuts
     D:3: 79 daAuts
